 Dungeon Crawl Stone Soup version 0.30-a0-600-gb7c8574cbb (webtiles) character file.

Game seed: 14012149290765302257

239 BlackLaughter the Covered (level 6, 0/38 HPs)
             Began as a Gargoyle Fighter on Jan 7, 2023.
             Slain by an orc
             ... wielding a +0 hand axe
              (1 damage)
             ... on level 4 of the Dungeon.
             The game lasted 00:07:12 (1721 turns).

BlackLaughter the Covered (Gargoyle Fighter)        Turns: 1721, Time: 00:07:13

Health: 0/38       AC: 15    Str: 20      XL:     6   Next: 7%
Magic:  6/6        EV:  9    Int:  4 (8)  God:
Gold:   188        SH:  4    Dex:  8 (11) Spells: 5/5 levels left

rFire   . . .      SeeInvis .    a - +0 flail
rCold   . . .      Faith    .    c - +0 buckler
rNeg    + . .      Spirit   .    b - +0 scale mail
rPois   ∞          Reflect  .    (helmet restricted)
rElec   +          Harm     .    (no cloak)
rCorr   .          Rampage  .    (no gloves)
Will    .....                    (no boots) Stlth
                                 (no amulet)
HPRegen 0.26/turn                l - +4 ring of protection
MPRegen 0.10/turn                (no ring)

@: no status effects
A: sickness immunity, AC +4, negative energy resistance 1, electricity
resistance, torment resistance 1, petrification resistance, horns 1,
deterioration 1
a: no special abilities


You were on level 4 of the Dungeon.
You visited 1 branch of the dungeon, and saw 4 of its levels.

You collected 188 gold pieces.

Inventory:

Hand Weapons
 a - a +0 flail (weapon)
Armour
 b - a +0 scale mail (worn)
 c - a +0 buckler (worn)
Jewellery
 l - a +4 ring of protection (left hand)
Scrolls
 g - a scroll of enchant armour {unknown}
 i - a scroll of enchant weapon {unknown}
Potions
 d - a potion of might
 f - a potion of attraction
 j - a potion of ambrosia
 k - a potion of degeneration
 n - a potion of curing
 p - a potion of invisibility {unknown}


   Skills:
 + Level 4.1 Fighting
 + Level 3.7 Maces & Flails
 + Level 4.6 Armour
 + Level 1.1 Dodging
 + Level 0.1 Stealth
 + Level 4.2 Shields


You had 5 spell levels left.
You didn't know any spells.
Your spell library contained the following spells:

 Spells                   Type           Power      Damage    Failure   Level
 Apportation              Tloc           0%         N/A       90%         1
 Beastly Appendage        Tmut           0%         N/A       90%         1
 Sandblast                Erth           0%         2d4       90%         1
 Slow                     Hex            0%         N/A       90%         1
 Passwall                 Tmut/Erth      0%         N/A       97%         2
 Wereblood                Tmut           0%         N/A       97%         2
 Confusing Touch          Hex            0%         N/A       99%         3
 Spider Form              Tmut/Pois      0%         N/A       99%         3
 Stone Arrow              Conj/Erth      0%         3d7       99%         3
 Vampiric Draining        Necr           0%         2d6       99%         3
 Alistair's Intoxication  Tmut/Pois      0%         N/A       100%        5


Dungeon Overview and Level Annotations

Branches:
Dungeon (4/15)             Temple (0/1) D:4

Altars:


Innate Abilities, Weirdness & Mutations

You are immune to sickness and miasma.
Your stone body is resilient. (AC +4)
You are immune to poison.
You resist negative energy. (rN+)
You are resistant to electric shocks. (rElec)
You are resistant to unholy torment.
You are immune to petrification.
You have a pair of small horns on your head.
Your body sometimes deteriorates upon taking damage.


Message History

Your body is wracked with pain!
The orc convulses!
You hit Menkaure.
Menkaure is heavily damaged.
Menkaure calls on the powers of darkness!
Your body is wracked with pain!
The orc convulses!
You barely miss Menkaure.
Menkaure is heavily damaged.
Menkaure hits you!
* * * LOW HITPOINT WARNING * * *
Your body deteriorates!
You feel dopey.
Menkaure calls on the powers of darkness!
The orc convulses!
You feel a surge of unholy energy.
You sock Menkaure!
Menkaure is almost destroyed.
Menkaure barely misses you.
You sock Menkaure!
You destroy Menkaure!
The orc closely misses you. You block the orc's attack.
You feel your strength returning.
Your Fighting skill increases to level 4!
Your Dodging skill increases to level 1!
You have reached level 6!
You closely miss the orc.
The orc is severely wounded.
The orc hits you but does no damage.
You hit the orc.
The orc is severely wounded.
The orc hits you with a +0 hand axe.
* * * LOW HITPOINT WARNING * * *
You barely miss the orc. You headbutt the orc, but do no damage.
The orc is severely wounded.
The orc hits you with a +0 hand axe.
* * * LOW HITPOINT WARNING * * *
You barely miss the orc. Your headbutt misses the orc.
The orc is severely wounded.
The orc hits you but does no damage. You block the orc's attack.
You barely miss the orc.
The orc is severely wounded.
The orc hits you with a +0 hand axe.
You die...

#. ######### #...
........###.#.#
≈≈≈......#.....
≈≈≈≈≈≈....#.#.#.#
.≈≈ ≈≈≈≈≈≈≈≈≈.[...>.
.≈≈≈≈≈~≈≈≈≈≈≈≈≈≈...#
.≈≈≈≈≈≈...≈≈≈≈≈≈@o.#
.≈≈≈≈≈≈.>.≈≈≈≈≈≈...#
.≈≈≈≈≈≈...≈≈≈≈≈≈...#
..≈≈≈≈≈≈≈≈≈≈≈≈≈....#
....≈≈≈≈≈≈≈≈≈......#
......≈≈≈≈≈........#
...................#
###....#...........#
#.#.###.##.......#


You could see an orc.

Vanquished Creatures
  Menkaure (D:4)
  4 adders
  3 gnolls (D:2)
  2 adder zombies (D:3)
  A dart slug (D:2)
  5 bats
  An endoplasm (D:1)
  8 goblins
  6 hobgoblins
  3 jackals (D:1)
  4 kobolds
  8 ball pythons
  A ball python skeleton (D:3)
  2 frilled lizards (D:2)
  A quokka skeleton (D:3)
  12 rats
62 creatures vanquished.

Notes
Turn   | Place    | Note
-------+----------+-------------------------------------------
     0 | D:1      | BlackLaughter the Gargoyle Fighter began the quest for the
                  | Orb.
     0 | D:1      | Reached XP level 1. HP: 14/14 MP: 1/1
     1 | D:1      | Noticed an electric eel
   110 | D:1      | Reached XP level 2. HP: 19/19 MP: 2/2
   486 | D:1      | Reached XP level 3. HP: 23/23 MP: 3/3
   910 | D:2      | Identified the +2 short sword of Irrepressible Laughter
                  | {freeze, *Rage Str+3 Int+3}
  1063 | D:2      | Reached XP level 4. HP: 29/29 MP: 4/4
  1312 | D:3      | Identified the +1 ring mail of the Countless Stories
                  | {Int+4}
  1526 | D:3      | Reached XP level 5. HP: 33/33 MP: 5/5
  1625 | D:4      | Found a staircase to the Ecumenical Temple.
  1700 | D:4      | Gained mutation: You have a pair of small horns on your
                  | head. [potion of mutation]
  1700 | D:4      | Gained mutation: Your body sometimes deteriorates upon
                  | taking damage. [potion of mutation]
  1707 | D:4      | Noticed Menkaure
  1716 | D:4      | Killed Menkaure
  1717 | D:4      | Reached skill level 1 in Dodging
  1717 | D:4      | Reached XP level 6. HP: 7/38 MP: 6/6
  1719 | D:4      | HP: 1/38 [orc/+0 hand axe (3)]
  1721 | D:4      | Slain by an orc

Illustrated notes

Levels and vault maps discovered:
D:1:      arrival_aquarium_a, layout_basic
D:2:      layout_rooms
D:3:      minmay_chambers_of_twos, layout_loops_cross, zin_scriptorium,
          portal_sewer_entry_e, serial_undead, serial_undead_c, serial_undead_d,
          serial_undead_f, serial_undead_c, minmay_bisected, uniq_natasha,
          uniq_ijyb
D:4:      layout_loops_ring, temple_pool_b, uniq_menkaure

Skill      XL: |  1  2  3  4  5 |
---------------+----------------+-----
Armour         | 4 |  4.6
Shields        | 4 |  4.2
Maces & Flails | 3 |  3.7
Fighting       | 4 |  4.1
Dodging        | 1 |  1.1
Stealth        | |  0.1

Action                   |  1- 3 |  4- 6 || total
-------------------------+-------+-------++-------
Melee: Flail             |   116 |    84 ||   200
       Headbutt          |       |     1 ||     1
  Use: Potion            |       |     5 ||     5
       Scroll            |       |     3 ||     3
Armor: Scale mail        |    75 |    60 ||   135
Dodge: Dodged            |    67 |    56 ||   123
Block: Buckler           |    41 |    22 ||    63

Table legend: (Time is in decaauts)
 A = Elapsed time spent in this place.
 B = Non-inter-level travel time spent in this place.
 C = Inter-level travel time spent in this place.
 D = Time resting spent in this place.
 E = Time spent auto-exploring this place.
 F = Levels seen in this place.
 G = Mean time per level.
                   A        B        C        D        E       F      G
               +--------+--------+--------+--------+--------+-----+--------+
         Total |   1785 |   1674 |    111 |      0 |   1180 |   4 |  446.2 |
       Dungeon |   1785 |   1674 |    111 |      0 |   1180 |   4 |  446.2 |
               +--------+--------+--------+--------+--------+-----+--------+

Top non-repeatable levels by time:
     D:1: 728 daAuts
     D:2: 601 daAuts
     D:3: 335 daAuts
     D:4: 119 daAuts
